 Dungeon Crawl Stone Soup version 0.23-a0-639-ga9a3373 (webtiles) character file.

1995 Noname the Covert (level 9, -1/68 HPs)
             Began as a Vampire Assassin on Dec 29, 2018.
             Was a Priest of Ru.
             Slain by an orc warrior
             ... wielding a +0 short sword
              (5 damage)
             ... on level 6 of the Dungeon.
             The game lasted 00:24:22 (8411 turns).

Noname the Covert (Vampire Assassin)                Turns: 8411, Time: 00:24:22

Health: -1/68      AC:  4    Str: 18    XL:     9   Next: 1%
Magic:  9/9        EV: 14    Int: 13    God:    Ru [***...]
Gold:   386        SH:  0    Dex: 16    Spells: 8/8 levels left

rFire    . . .     SeeInvis +   K - +0 long sword
rCold    + . .     Gourm    .   (shield unavailable)
rNeg     + + .     Faith    .   x - +0 robe {MR+}
rPois    +         Spirit   .   k - +0 helmet
rElec    .         Reflect  .   d - +0 cloak
rCorr    .         Harm     .   (no gloves)
MR       +....                  (no boots)
Stlth    ++++++....             (no amulet)
HPRegen  0.10/turn              (ring unavailable)
MPRegen  0.11/turn              (no ring)

@: mighty, exhausted, regenerating slowly, studying Fire Magic, drained
A: fangs 3, see invisible, unbreathing, missing a hand
a: Bat Form, Draw Out Power, Renounce Religion


You were on level 6 of the Dungeon.
You worshipped Ru.
Ru was most pleased with you.
You were very thirsty.

You visited 2 branches of the dungeon, and saw 7 of its levels.
You also visited: Sewer.

You collected 386 gold pieces.

Inventory:

Hand Weapons
 a - a +1 dagger of venom
 b - a +0 blowgun
 y - a +0 hunting sling
 E - a +0 trident
 K - a +0 long sword (weapon)
Missiles
 e - 69 poisoned needles
 f - 2 curare-tipped needles
 m - 159 stones (quivered)
 p - 52 sling bullets
 I - 3 tomahawks
Armour
 d - a +0 cloak (worn)
 i - a +1 hat of magic resistance
 k - a +0 helmet (worn)
 o - a scarf of cloud immunity
 x - a +0 robe of magic resistance (worn)
Wands
 C - a wand of random effects (13)
Scrolls
 c - a scroll of enchant weapon {unknown}
 h - 3 scrolls of identify {unknown}
 l - 2 scrolls of teleportation {unknown}
 q - a scroll of immolation {unknown}
 r - 3 scrolls of amnesia {unknown}
 s - 2 scrolls of random uselessness {unknown}
 u - 2 scrolls of magic mapping {unknown}
 v - a scroll of blinking {unknown}
 z - 4 scrolls of remove curse {unknown}
 G - a scroll of fog {unknown}
 J - 3 scrolls of fear {unknown}
Potions
 g - 33 potions of blood
 j - 3 potions of mutation {unknown}
 n - 8 potions of heal wounds {unknown}
 t - 4 potions of curing {unknown}
 w - 2 potions of haste {unknown}
 A - 2 potions of degeneration {unknown}
 B - 4 potions of brilliance {unknown}
 D - 4 potions of might
 F - a potion of flight {unknown}
 H - 2 potions of lignification {unknown}
 M - a potion of magic {unknown}
Books
 L - a manual of Fire Magic


   Skills:
 + Level 5.3(5.1) Fighting
 + Level 6.4(6.8) Short Blades
 + Level 3.6(5.1) Long Blades
 - Level 3.0(2.8) Throwing
 - Level 3.8(3.6) Dodging
 + Level 10.4(10.2) Stealth
   Level 0.0 Shields


You had 8 spell levels left.
You didn't know any spells.
Your spell library was empty.

Dungeon Overview and Level Annotations

Branches:
Dungeon (6/15)             Temple (1/1) D:4

Altars:
Ashenzari
Cheibriados
Dithmenos
Fedhas
Gozag
Hepliaklqana
Kikubaaqudgha
Makhleb
Nemelex Xobeh
Qazlal
Ru
Sif Muna
Uskayaw
Vehumet
Wu Jian
Yredelemnul
Zin
The Shining One


Innate Abilities, Weirdness & Mutations

You heal slowly.
You have razor-sharp teeth.
You have supernaturally acute eyesight. (SInv)
You can survive without breathing.
You are missing a hand.


Message History

The orc warrior is lightly wounded.
The howler monkey skeleton closely misses you.
You regained 2 hp, and now have 28/68 hp.
You hit the howler monkey skeleton.
The howler monkey skeleton is severely damaged.
The orc hits you from afar with a +0 trident.
The orc warrior hits you with a +0 short sword!
* * * LOW HITPOINT WARNING * * *
The howler monkey skeleton hits you.
* * * LOW HITPOINT WARNING * * *
The orc hits you from afar with a +0 trident.
* * * LOW HITPOINT WARNING * * *
You take 24 damage, and have 4/68 hp.
MASSIVE DAMAGE!!
You're too exhausted to draw out your power.
Okay, then.
It was a potion of might.
You feel very mighty all of a sudden.
The orc warrior hits you with a +0 short sword.
You die...

#.####.#....#### ###......#..
.......#..... ..# ##...####.#.#
#.##.......### #.# ##..###oZ.)#.#
#.#........'. #.# #..##...#..#.#
#.#........# #o###.##....#(##.#
#.#........# .#o##..#....##.##.#
#.#........# #.#o##.##...##..##.#
#.#......#####.#o##.#)..## .###.#
#.#.####.....#.#@#..#.###..##.#.#
#.#.####.###.#.#Z#..#.....# #....
#.##.....#.#.#.#Z....#### #.###
##.##.....#.#.#.#.##### #.#
#......_......#...# #.#
##.#.#.....##..#.### ########.#
...#.#.....##..#.. .........#
...#.###.####..#############.<#
...#.....####..#..........<#..#


You could see an orc warrior, 3 orcs and a howler monkey skeleton.

Vanquished Creatures
  Grinder (D:5)
  A hippogriff (D:6)
  An ice beast (D:6)
  A sky beast (D:5)
  2 centaurs
  An ogre (D:4)
  A big kobold (Sewer)
  A scorpion (D:5)
  3 wights (D:6)
  A howler monkey (D:5)
  3 hounds
  2 orc priests
  2 jellies (D:5)
  5 orc wizards
  3 iguanas
  5 worker ants
  Ijyb (D:3)
  A hound skeleton (D:3)
  A worker ant zombie (D:6)
  A gnoll (D:1)
  A howler monkey skeleton (D:5)
  8 adders
  4 river rats (D:6)
  3 shadow imps
  2 oozes (Sewer)
  An adder zombie (D:5)
  4 adder skeletons
  A worm (D:4)
  4 dart slugs
  3 leopard geckos
  21 orcs
  A ball python (Sewer)
  8 giant cockroaches
  5 goblins
  10 hobgoblins
  5 jackals
  20 kobolds
  3 quokkas
  7 bats
  10 frilled lizards
  2 jackal skeletons
  3 leopard gecko skeletons (D:4)
  A quokka zombie (D:5)
  15 rats
179 creatures vanquished.

Vanquished Creatures (others)
  An orc wizard (D:6)
1 creature vanquished.

Grand Total: 180 creatures vanquished

Notes
Turn   | Place    | Note
-------+----------+-------------------------------------------
     0 | D:1      | Noname the Vampire Assassin began the quest for the Orb.
     0 | D:1      | Reached XP level 1. HP: 16/16 MP: 1/1
   487 | D:1      | Reached skill level 6 in Stealth
   487 | D:1      | Reached XP level 2. HP: 20/22 MP: 2/2
   965 | D:1      | Reached XP level 3. HP: 27/27 MP: 3/3
  1431 | D:2      | Found a faded altar of an unknown god.
  1587 | D:2      | Found a blossoming altar of Fedhas.
  1747 | D:2      | Reached XP level 4. HP: 34/34 MP: 4/4
  2672 | D:3      | Noticed Ijyb
  2721 | D:3      | Killed Ijyb
  2959 | D:3      | Reached XP level 5. HP: 30/39 MP: 5/5
  3730 | D:4      | Reached skill level 7 in Stealth
  4107 | D:4      | Found a staircase to the Ecumenical Temple.
  4109 | D:4      | Found a blossoming altar of Fedhas.
  4146 | Temple   | Entered the Ecumenical Temple
  4295 | Temple   | Became a worshipper of Ru the Awakened
  4441 | D:4      | Reached XP level 6. HP: 20/47 MP: 6/6
  5307 | D:5      | Entered Level 5 of the Dungeon
  5598 | D:5      | Reached skill level 8 in Stealth
  5598 | D:5      | Reached XP level 7. HP: 48/52 MP: 7/7
  5788 | D:5      | Reached skill level 1 in Shields
  5859 | D:5      | Noticed Grinder
  5973 | D:5      | Gained mutation: You are missing a hand. [Ru sacrifice]
  5973 | D:5      | Reached * piety under Ru
  5973 | D:5      | Reached ** piety under Ru
  5973 | D:5      | Reached *** piety under Ru
  6109 | D:5      | Reached skill level 5 in Short Blades
  6312 | D:5      | Killed Grinder
  6312 | D:5      | Reached skill level 1 in Long Blades
  6312 | D:5      | Reached skill level 9 in Stealth
  6312 | D:5      | Reached XP level 8. HP: 33/61 MP: 8/8
  6504 | D:6      | Found a glowing drain.
  6511 | Sewer    | Entered a sewer
  7134 | D:6      | Noticed a hippogriff
  7155 | D:6      | Killed a hippogriff
  7376 | D:6      | Found a stormy altar of Qazlal.
  7804 | D:6      | Reached skill level 5 in Fighting
  7804 | D:6      | Reached skill level 10 in Stealth
  8408 | D:6      | Reached XP level 9. HP: 26/68 MP: 9/9
  8411 | D:6      | Slain by an orc warrior

Vault maps used:
D:1:      nagdon_arrival_double_spiral
D:2:      lemuel_upstairs_altar, old_standard_altar, first_ration,
          chequers_ecumenical_altar_island
D:3:      minmay_door_path, uniq_ijyb
D:4:      minmay_bubble_buster, temple_fountains, skrybe_limestone_x,
          fedhas_ov_isle_minmay
D:5:      minmay_manual_monstrance, uniq_grinder
D:6:      minmay_evil_eye, nicolae_overflow_crystal_walls,
          lightli_sewer_entry_pipes
Temple:   eino_temple_rhombus
Sewer:    kennysheep_pipe_town

Skill      XL: |  1  2  3  4  5  6  7  8 |
---------------+-------------------------+-----
Stealth        | 6 7 8 9 10 | 10.4
Fighting       | 2 3 4 5 |  5.3
Short Blades   | 3 4 5 6 |  6.4
Dodging        | 2 3 |  3.8
Throwing       | 2 3 |  3.0
Shields        | 0 |  0.0
Long Blades    | 1 3 |  3.6

Action                   |  1- 3 |  4- 6 |  7- 9 || total
-------------------------+-------+-------+-------++-------
Melee: Dagger            |    92 |   193 |   319 ||   604
       Bite              |    10 |    28 |    40 ||    78
       Long sword        |       |       |    54 ||    54
 Fire: Blowgun           |    21 |    74 |    32 ||   127
Throw: Stone             |    10 |    11 |    16 ||    37
Invok: Sacrifice a Hand  |       |       |     1 ||     1
       Draw Out Power    |       |       |     1 ||     1
 Abil: End Transformatio |       |     4 |       ||     4
       Bat Form          |       |     4 |       ||     4
  Use: Potion            |       |     9 |     7 ||    16
 Stab: Sleeping          |    11 |     9 |    22 ||    42
       Distracted        |       |       |     1 ||     1
  Eat: Corpse            |       |       |     1 ||     1
Armor: Robe              |    20 |    22 |    34 ||    76
Dodge: Dodged            |    49 |   117 |   144 ||   310
Block: Buckler           |       |       |    15 ||    15
       Rpst.: Long sword |       |       |    10 ||    10

Table legend:
 A = Non-vault XP
 B = Vault XP
 C = Vault XP percentage of total XP
 D = Non-vault monster count
 E = Vault monster count
 F = Vault count percentage of total count
                 A         B        C        D         E       F
            +---------+---------+-------+---------+---------+-------
      Total |    1893 |     958 |  33.6 |     125 |      55 |  30.6
            +---------+---------+-------+---------+---------+-------
        D:1 |      51 |       0 |   0.0 |      23 |       0 |   0.0
        D:2 |      55 |       0 |   0.0 |      19 |       0 |   0.0
        D:3 |      38 |      58 |  60.4 |      12 |       5 |  29.4
        D:4 |     253 |     179 |  41.4 |      21 |       8 |  27.6
        D:5 |     693 |     312 |  31.0 |      23 |       5 |  17.9
        D:6 |     803 |     266 |  24.9 |      27 |      13 |  32.5
      Sewer |       0 |     143 | 100.0 |       0 |      24 | 100.0
            +---------+---------+-------+---------+---------+-------
